 Dungeon Crawl Stone Soup version 0.30-a0-304-gdc4b735fe1 (webtiles) character file.

Game seed: 2902864662248784621

2566 IdlyInterested the Sneak (level 9, -11/61 HPs)
             Began as a Demonspawn Wanderer on Oct 20, 2022.
             Was a Believer of Hepliaklqana.
             Mangled by a death yak (14 damage)
             ... on level 8 of the Dungeon.
             The game lasted 00:26:32 (7462 turns).

IdlyInterested the Sneak (Demonspawn Wanderer)      Turns: 7462, Time: 00:26:33

Health: -11/61     AC:  9    Str: 12    XL:     9   Next: 31%
Magic:  10/10      EV: 11    Int: 11    God:    Hepliaklqana [**....]
Gold:   70         SH: 11    Dex: 30    Spells: 8/8 levels left

rFire   . . .      SeeInvis .    q - +2 rapier
rCold   . . .      Faith    +    f - +0 kite shield
rNeg    . . .      Spirit   .    e - +0 steam dragon scales
rPois   +          Reflect  .    y - +0 helmet
rElec   .          Harm     .    (no cloak)
rCorr   .          Rampage  .    x - +0 pair of gloves
Will    .....      Rage     3%   w - +0 pair of boots
Stlth   +++++++...               s - amulet of faith
HPRegen 0.30/turn                t - +6 ring of dexterity
MPRegen 0.24/turn                J - ring of poison resistance

@: unable to drink
A: reduced essence, thin skeletal structure 2, spiny 1, magic regeneration,
weakness stinger 1, berserk 1, mutation resistance 1, inability to drink after
injury 1
a: Renounce Religion, Recall Ancestor, Ancestor Identity


You were on level 8 of the Dungeon.
You worshipped Hepliaklqana.
Hepliaklqana was pleased with you.
You visited 2 branches of the dungeon, and saw 9 of its levels.

You collected 535 gold pieces.
You spent 465 gold pieces at shops.

Inventory:

Hand Weapons
 d - a +0 dagger
 q - a +2 rapier (weapon)
 z - a +0 rapier
 C - a +0 long sword
 H - a +0 rapier
 K - the +6 whip "Embalmer" {chaos, rElec rPois Stlth+}
   (You bought it in a shop on level 6 of the Dungeon)

   Each time it hits an enemy it has a different, random effect.
   rElec:     It insulates you from electricity.
   rPois:     It protects you from poison.
   Stlth:     It makes you more stealthy.
Missiles
 c - 7 boomerangs
 r - 11 poisoned darts (quivered)
Armour
 e - +0 steam dragon scales (worn)
 f - a +0 kite shield (worn)
 w - a +0 pair of boots (worn)
 x - a +0 pair of gloves (worn)
 y - a +0 helmet (worn)
Jewellery
 s - an amulet of faith (around neck)
 t - a +6 ring of dexterity (left hand)
 J - a ring of poison resistance (right hand)
 M - a ring of fire
Wands
 v - a wand of digging (1)
Scrolls
 i - a scroll of immolation
 k - 3 scrolls of enchant armour
 m - 2 scrolls of teleportation
 o - a scroll of vulnerability
 E - a scroll of amnesia
 G - 7 scrolls of identify
 L - a scroll of fear
Potions
 g - a potion of brilliance
 h - 5 potions of curing
 j - 2 potions of mutation
 l - 5 potions of heal wounds
 n - a potion of magic
 u - a potion of might
 A - a potion of resistance
 I - 3 potions of flight


   Skills:
 + Level 5.5 Fighting
 + Level 5.2 Short Blades
 - Level 1.7 Ranged Weapons
 + Level 3.0 Throwing
 - Level 4.0 Armour
 - Level 2.0 Dodging
 * Level 7.9 Stealth
 - Level 2.0 Shields
 - Level 2.0 Invocations
 - Level 2.0 Evocations


You had 8 spell levels left.
You didn't know any spells.
Your spell library contained the following spells:

 Spells                   Type           Power      Damage    Failure   Level
 Sandblast                Erth           0%         2d4       75%         1
 Slow                     Hex            0%         N/A       75%         1
 Passwall                 Tmut/Erth      0%         N/A       87%         2
 Confusing Touch          Hex            0%         N/A       98%         3
 Gell's Gravitas          Tloc           0%         N/A       98%         3
 Lesser Beckoning         Tloc           0%         N/A       98%         3
 Stone Arrow              Conj/Erth      0%         3d7       98%         3
 Teleport Other           Tloc           0%         N/A       98%         3
 Vampiric Draining        Necr           0%         2d6       98%         3
 Summon Lightning Spire   Summ/Air       0%         N/A       100%        4
 Storm Form               Tmut/Air       0%         N/A       100%        7
 Maxwell's Capacitive Co  Air            0%         ∞         100%        8


Dungeon Overview and Level Annotations

Branches:
Dungeon (8/15)             Temple (1/1) D:6            Lair (0/5) D:8

Altars:
Ashenzari
Cheibriados
Dithmenos
Gozag
Hepliaklqana
Kikubaaqudgha
Makhleb
Okawaru
Qazlal
Ru
Sif Muna
Trog
Uskayaw
Xom
Yredelemnul

Shops:
D:3 :   D:4 :   D:6 *   D:8 (


Innate Abilities, Weirdness & Mutations

Your life essence is reduced to manifest your ancestor. (-10% HP)
You have a moderately thin skeletal structure. (Dex +4, Stealth++)
You are partially covered in sharp spines.
You regenerate magic rapidly.
You have a small tail.
You sometimes lose your temper in combat.
You are somewhat resistant to further mutation.
You occasionally lose the ability to drink potions when taking damage.


Message History

The javelin barely misses the death yak.
The javelin pierces through the death yak.
The death yak is lightly wounded.
The javelin barely misses the yak.
The javelin pierces through the yak.
The yak is lightly wounded.
You block the death yak's attack. The death yak is struck by your spines.
The death yak gores you.
Throw: javelin
Press: ? - help, Shift-Dir - straight line, f/p - death yak
Aim: a death yak (severely wounded, lightly drained, 83% to hit)
You throw a javelin.
The javelin pierces through the death yak.
The death yak is moderately wounded.
The javelin pierces through the death yak.
The death yak is moderately wounded.
The javelin pierces through the death yak!
The death yak is lightly wounded.
The javelin barely misses the death yak.
The javelin pierces through the death yak.
The death yak is lightly wounded.
The javelin barely misses the yak.
The javelin pierces through the yak.
The yak is moderately wounded.
The death yak gores you!
Throw: dart (curare)
Press: ? - help, Shift-Dir - straight line, f/p - death yak
Aim: a death yak (severely wounded, lightly drained, 83% to hit)
You throw a curare-tipped dart.
The curare-tipped dart hits the death yak.
The death yak is poisoned.
The death yak convulses.
The death yak seems to slow down.
The death yak is heavily wounded.
The death yak snorts and paws the ground.
The death yak gores you!!
You feel threatened and lose the ability to drink potions!
* * * LOW HITPOINT WARNING * * *
You puncture the death yak!
You tail-slap the death yak, but do no damage.
The death yak is heavily wounded.
The death yak gores you!
You die...

*,,*,,<,,,,,,,*,*,,,,,,,,,,,,,,,*
**,*,,,,,**********8*###*********
,,,,,,,,,,,,,,,,,,,,,.$.,,,,,,,,,
***,,,**************##.###*******
,,,,,>* *,,,.∩..,,,,,,,∩
********#*********,###.########**
,,,,,,,,...,,,,,,,,#<†.........,,
,,*,,,,*##...##########...####***
*,,,,,,+........@YYYYYYY..+,,,,,,
**,,,,,*##...##########...#,,****
,**,,,,* #.,,* #..#...#*,,
,,**,,,* *,,,* #.#.Y....,,
*****,** *,,,* #.#....Y..,
,,,,,,* ***** #.#.$.Y..., *******
#........Y, * ###...Y..., *
*,,,,>,,,


You could see 5 death yaks and 2 yaks.

Vanquished Creatures
  A hornet (D:6)
  Sigmund (D:4)
  A steam dragon (D:6)
  A sky beast (D:5)
  A black bear (D:6)
  An ogre (D:7)
  3 centaurs (D:5)
  A phantom (D:3)
  3 bullfrogs
  A necrophage (D:4)
  A gnoll sergeant (D:7)
  5 scorpions
  4 wights (D:6)
  An orc priest (D:7)
  A gnoll bouda (D:7)
  A jelly (D:5)
  4 iguanas
  Ijyb (D:4)
  2 orc wizards
  11 adders
  7 gnolls
  A shadow imp (D:6)
  2 ufetubi
  A worm (D:2)
  2 dart slugs (D:5)
  10 orcs
  4 bats
  6 endoplasms
  3 giant cockroaches
  7 goblins
  8 hobgoblins
  4 quokkas
  8 ball pythons
  2 frilled lizards
  9 kobolds
  3 rats
122 creatures vanquished.

Vanquished Creatures (collateral kills)
  A kobold brigand (D:7)
  A necrophage (D:6)
  An electric eel (D:7)
  A gnoll (D:7)
  A white imp (D:8)
5 creatures vanquished.

Vanquished Creatures (others)
  A hexer (D:8)
  4 plants (D:7)
5 creatures vanquished.

Grand Total: 132 creatures vanquished

Notes
Turn   | Place    | Note
-------+----------+-------------------------------------------
     0 | D:1      | IdlyInterested the Demonspawn Wanderer began the quest for
                  | the Orb.
     0 | D:1      | IdlyInterested set off with the following items: a +0
                  | sling, a +2 scale mail, 8 boomerangs, a +0 dagger, a potion
                  | of berserk rage.
     0 | D:1      | Reached XP level 1. HP: 13/13 MP: 1/1
   325 | D:1      | Reached skill level 1 in Fighting
   359 | D:1      | Gained mutation: You have a somewhat thin skeletal
                  | structure. (Dex +2, Stealth+) [demonic ancestry]
   359 | D:1      | Reached XP level 2. HP: 17/21 MP: 2/2
  1287 | D:2      | Reached skill level 1 in Stealth
  1293 | D:2      | Reached skill level 1 in Dodging
  1293 | D:2      | Gained mutation: You are partially covered in sharp spines.
                  | [demonic ancestry]
  1293 | D:2      | Reached XP level 3. HP: 20/27 MP: 3/3
  1602 | D:2      | Reached XP level 4. HP: 23/33 MP: 4/4
  1606 | D:2      | Reached skill level 1 in Short Blades
  1611 | D:2      | Reached skill level 2 in Stealth
  1774 | D:2      | Found a basalt altar of Yredelemnul.
  2071 | D:3      | Noticed a phantom
  2077 | D:3      | Killed a phantom
  2078 | D:3      | Gained mutation: You have a small tail. [demonic ancestry]
  2078 | D:3      | Reached XP level 5. HP: 38/39 MP: 5/5
  2496 | D:3      | Found Quet's Book Emporium.
  2543 | D:3      | Reached skill level 3 in Stealth
  2680 | D:4      | Reached XP level 6. HP: 40/46 MP: 6/6
  2780 | D:4      | Noticed Sigmund
  2796 | D:4      | Killed Sigmund
  2834 | D:4      | Reached skill level 4 in Stealth
  2882 | D:4      | Found Haunoin's Book Emporium.
  3081 | D:4      | Reached skill level 1 in Shields
  3145 | D:4      | Found a shadowy altar of Dithmenos.
  3150 | D:4      | Noticed Ijyb
  3150 | D:4      | Paralysed by Ijyb for 5 turns
  3158 | D:4      | Paralysed by Ijyb for 2 turns
  3162 | D:4      | Killed Ijyb
  3163 | D:4      | Gained mutation: You regenerate magic rapidly. [demonic
                  | ancestry]
  3163 | D:4      | Reached XP level 7. HP: 52/52 MP: 7/7
  3288 | D:5      | Entered Level 5 of the Dungeon
  3796 | D:5      | Reached skill level 5 in Stealth
  3834 | D:5      | Reached XP level 8. HP: 36/60 MP: 8/8
  4552 | D:6      | Reached skill level 6 in Stealth
  4913 | D:6      | Noticed a hornet
  4917 | D:6      | Paralysed by a hornet for 3 turns
  4923 | D:6      | Killed a hornet
  5015 | D:6      | Reached skill level 5 in Fighting
  5015 | D:6      | Reached skill level 7 in Stealth
  5096 | D:6      | Found a staircase to the Ecumenical Temple.
  5102 | Temple   | Entered the Ecumenical Temple
  5139 | Temple   | Became a worshipper of Hepliaklqana the Forgotten
  5214 | D:6      | Found Ecygoj's Assorted Antiques.
  5758 | D:6      | Bought a shimmering whip for 225 gold pieces
  5758 | D:6      | Identified the +6 whip "Embalmer" {chaos, rElec rPois
                  | Stlth+} (You bought it in a shop on level 6 of the Dungeon)
  5758 | D:6      | Bought a shiny bone ring for 150 gold pieces
  5758 | D:6      | Bought a potion of curing for 90 gold pieces
  5869 | D:7      | Gained mutation: You have a moderately thin skeletal
                  | structure. (Dex +4, Stealth++) [demonic ancestry]
  5869 | D:7      | Reached XP level 9. HP: 68/68 MP: 10/10
  6256 | D:7      | Found a snail-covered altar of Cheibriados.
  6290 | D:7      | Reached * piety under Hepliaklqana
  6359 | D:7      | Reached skill level 5 in Short Blades
  6854 | D:7      | Gained mutation: You sometimes lose your temper in combat.
                  | [potion of mutation]
  6854 | D:7      | Gained mutation: You occasionally lose the ability to drink
                  | potions when taking damage. [potion of mutation]
  6854 | D:7      | Gained mutation: You are somewhat resistant to further
                  | mutation. [potion of mutation]
  6916 | D:7      | Reached ** piety under Hepliaklqana
  6917 | D:7      | Remembered your ancestor Tertia as a hexer
  7435 | D:8      | Found Tezxug's Antique Weapon Shoppe.
  7438 | D:8      | Noticed a death yak
  7438 | D:8      | Noticed a death yak
  7438 | D:8      | Noticed a death yak
  7441 | D:8      | Noticed a death yak
  7450 | D:8      | Noticed a death yak
  7461 | D:8      | HP: 2/61 [death yak (24)]
  7462 | D:8      | Mangled by a death yak

Illustrated notes

Levels and vault maps discovered:
D:1:      dpeg_arrival_castle, layout_basic, serial_forest,
          infiniplex_forest_lined_2, infiniplex_forest_lined_3,
          infiniplex_forest_clump_small, infiniplex_forest_straight_2,
          infiniplex_forest_corner_2, infiniplex_forest_clump_small,
          glass_columns_b, kennysheep_flooded_box, chequers_big_river,
          minmay_small_reverse_x
D:2:      layout_rooms, basic_altar
D:3:      layout_basic, serial_shops, nicolae_shop_crystal
D:4:      layout_rooms, grunt_dithmenos_smoke, serial_shops, shop, uniq_sigmund,
          uniq_ijyb
D:5:      layout_loops_ring, due_unseen_surprise
D:6:      layout_basic, minmay_temple_entry_wispy, serial_shops, shop
D:7:      layout_basic, lemuel_doored_altar, nicolae_elyvilon_temple_path,
          roderic_lattice_a
D:8:      layout_basic, nicolae_overflow_crystal_walls, dpeg_lair_monsters,
          gup_ossuary_entry_pyramid, serial_shops, shop, shop,
          nicolae_inconvenience_store, nicolae_shop_crystal, shop_statue
Temple:   hellmonk_temple_of_storms

Skill      XL: |  1  2  3  4  5  6  7  8  9 |
---------------+----------------------------+-----
Fighting       | 1 2 3 4 5 |  5.5
Throwing       | 2 3 |  3.0
Stealth        | 1 2 3 4 5 7 |  7.9
Dodging        | 1 2 |  2.0
Short Blades   | 1 2 3 4 5 |  5.2
Shields        | 1 2 |  2.0
Evocations     | 2 |  2.0
Invocations    | 2 |  2.0
Armour         | 4 |  4.0
Ranged Weapons | |  1.7

Action                   |  1- 3 |  4- 6 |  7- 9 || total
-------------------------+-------+-------+-------++-------
Melee: Hand axe          |    41 |    99 |    79 ||   219
       Tailslap          |       |    10 |    34 ||    44
       Rapier            |       |       |    94 ||    94
 Fire: Sling             |    44 |       |       ||    44
Throw: Dart              |       |       |     7 ||     7
       Javelin           |       |       |     6 ||     6
       Boomerang         |       |       |     5 ||     5
Invok: Ancestor Life: He |       |       |     1 ||     1
Evoke: Wand              |       |       |     1 ||     1
  Use: Scroll            |     8 |     5 |     7 ||    20
       Potion            |     3 |     2 |     3 ||     8
 Stab: Sleeping          |     2 |     9 |    17 ||    28
       Distracted        |       |       |     1 ||     1
Armor: Scale mail        |    55 |    57 |    54 ||   166
       Steam dragon scal |       |       |    14 ||    14
Dodge: Dodged            |    45 |    33 |    50 ||   128
Block: Kite shield       |       |    18 |   101 ||   119

Table legend: (Time is in decaauts)
 A = Elapsed time spent in this place.
 B = Non-inter-level travel time spent in this place.
 C = Inter-level travel time spent in this place.
 D = Time resting spent in this place.
 E = Time spent auto-exploring this place.
 F = Levels seen in this place.
 G = Mean time per level.
                   A        B        C        D        E       F      G
               +--------+--------+--------+--------+--------+-----+--------+
         Total |   7630 |   6628 |   1002 |    621 |   4178 |   9 |  847.8 |
       Dungeon |   7583 |   6584 |    999 |    621 |   4156 |   8 |  947.9 |
        Temple |     46 |     43 |      3 |      0 |     22 |   1 |   46.0 |
               +--------+--------+--------+--------+--------+-----+--------+

Top non-repeatable levels by time:
     D:7: 1446 daAuts
     D:5: 1390 daAuts
     D:1: 1387 daAuts
     D:6: 1283 daAuts
     D:2: 801 daAuts
     D:3: 650 daAuts
     D:4: 591 daAuts
  Temple: 46 daAuts
     D:8: 33 daAuts
